Map: 世界主宰-天梯版

Players

iGXY (XY)

  • Race: Terran Terran

CoffeeMs (Coffee) - Winner!

  • Race: Terran Terran
  • League: Master

Event: DreamHack SC2 Masters 2021 Fall

VOD

Have the link to the VOD?

Description

Time

  • Played on: Aug. 5, 2021, 7:35 a.m.
  • Length: 7:25

All games in this series

Show
View Real Time Build Order
Export as new Build Order

iGXY Terran 

Build Orders:  

Get SALT Encoding   

  12  0:00  SCV  
  13  0:12  SCV  
  14  0:17  Supply Depot  
  14  0:24  SCV  
  15  0:39  SCV  
  15  0:40  Barracks  
  16  0:44  Refinery  
  16  0:51  SCV  
  16  0:52  Refinery  
  17  1:03  SCV  
  18  1:15  SCV  
  19  1:27  Reaper, Orbital Command  
  19  1:28  Supply Depot  
  20  1:41  Factory  
  20  1:52  SCV  
  21  1:59  Reaper  
  22  2:05  SCV  
  23  2:17  SCV  
  23  2:19  Command Center  
  24  2:25  Hellion  
  24  2:29  SCV  
  27  2:31  Reaper  
  27  2:35  Supply Depot  
  28  2:41  SCV  
  29  2:46  Factory Tech Lab  
  29  2:53  SCV, Starport  
  30  3:04  Barracks Reactor  
  30  3:06  SCV  
  30  3:10  Cyclone  
  34  3:18  SCV  
  35  3:21  Refinery  
  35  3:30  SCV  
  35  3:31  Orbital Command  
  36  3:42  SCV  
  37  3:51  Raven, Factory Tech Lab  
  37  3:54  SCV  
  40  3:57  Command Center  
  40  3:59  SCV  
  40  4:11  Marine  
  40  4:12  Marine  
  40  4:16  Cyclone  
  39  4:17  SCV  
  38  4:29  Marine x2  
  36  4:38  SCV  
  31  4:47  Marine  
  31  4:51  SCV  
  32  4:55  SCV  
  28  5:03  SCV  
  28  5:04  Raven  
  31  5:07  SCV  
  31  5:15  SCV  
  31  5:16  Marine x2  
  31  5:19  SCV  
  35  5:25  Supply Depot  
  35  5:27  SCV, Siege Tank  
  39  5:31  SCV  
  39  5:33  Marine  
  39  5:34  Marine  
  42  5:39  SCV  
  43  5:43  SCV  
  43  5:47  Supply Depot  
  44  5:51  Raven  
  44  5:52  SCV  
  44  5:55  Marine, SCV  
  44  5:56  Marine  
  50  6:04  SCV  
  51  6:07  SCV, Siege Tank  
  55  6:13  Marine x2, Supply Depot  
  55  6:16  SCV  
  58  6:19  SCV  
  59  6:28  SCV  
  59  6:31  SCV  
  61  6:33  Marine x2  
  61  6:35  Supply Depot  
  63  6:40  SCV  
  57  6:50  Siege Tank  
  57  6:51  Marine x2  
  40  6:54  SCV  
  40  6:55  Viking  
Show
View Real Time Build Order
Export as new Build Order

CoffeeMs Terran - Winner!

Build Orders:  

Get SALT Encoding   

  12  0:00  SCV  
  13  0:12  SCV  
  14  0:17  Supply Depot  
  14  0:24  SCV  
  15  0:38  SCV  
  15  0:40  Barracks  
  16  0:43  Refinery  
  16  0:50  SCV  
  16  0:53  Refinery  
  17  1:03  SCV  
  18  1:15  SCV  
  19  1:27  Reaper, Orbital Command  
  19  1:31  Supply Depot  
  20  1:44  Factory  
  20  1:54  SCV  
  20  1:59  Barracks Reactor  
  21  2:06  SCV  
  22  2:20  SCV  
  23  2:24  Command Center  
  23  2:30  Hellion  
  23  2:36  Reaper x2  
  27  2:45  SCV  
  27  2:46  Supply Depot  
  28  2:51  Hellion  
  28  2:56  Starport  
  30  3:00  SCV  
  31  3:08  Reaper x2  
  31  3:12  SCV  
  34  3:17  Hellion  
  36  3:24  SCV  
  37  3:33  Refinery  
  37  3:34  Starport Tech Lab  
  37  3:43  Marine x2, Factory Tech Lab  
  37  3:44  SCV  
  40  3:50  Orbital Command  
  40  3:54  Raven  
  42  3:56  SCV  
  43  4:03  Marine x2  
  45  4:13  Siege Tank  
  41  4:18  SCV  
  41  4:19  SCV  
  41  4:21  Marine x2  
  45  4:30  SCV  
  46  4:37  Raven  
  48  4:39  Marine x2, SCV  
  48  4:42  SCV  
  52  4:49  Supply Depot  
  52  4:51  Supply Depot, SCV  
  51  4:55  SCV  
  51  4:56  Marine  
  53  5:04  SCV  
  53  5:07  SCV  
  53  5:11  Siege Tank  
  56  5:16  Marine x2  
  56  5:18  SCV  
  56  5:19  Raven  
  56  5:21  Command Center  
  61  5:28  Supply Depot  
  61  5:29  SCV  
  61  5:30  SCV  
  61  5:33  Refinery  
  63  5:38  Marine  
  63  5:39  Marine  
  63  5:41  SCV  
  66  5:43  SCV, Siege Tank  
  66  5:45  Barracks  
  66  5:47  Supply Depot, Barracks  
  70  5:54  SCV  
  70  5:55  SCV  
  72  6:06  SCV  
  72  6:07  SCV, Supply Depot  
  74  6:15  Viking x2, Siege Tank  
  81  6:18  SCV  
  81  6:19  SCV  
  83  6:28  Marine  
  83  6:30  Supply Depot  
  83  6:31  SCV x2  
  85  6:45  Viking  
  75  6:58  Barracks Reactor x2  
  74  7:18  Engineering Bay  
  74  7:19  Engineering Bay  

Tags
 
Add a new tag
Caveats
  • Supply blocks, unpowered buildings, or Contaminate may cause inaccurate times.
  • Supply counts are checked every 10 seconds.